 Dungeon Crawl Stone Soup version 0.32-a0-913-g739538afd8 (webtiles) character file.

Game seed: 16536993906122940736

328888 gohu the Executioner (level 20, -6/200 HPs)
             Began as a Mountain Dwarf Fighter on Apr 6, 2024.
             Was the Champion of Okawaru.
             Killed from afar by Norris (37 damage)
             ... with a torrent of water
             ... on level 4 of the Vaults on Apr 7, 2024.
             The game lasted 01:46:37 (34756 turns).

gohu the Executioner (Mountain Dwarf Fighter)      Turns: 34756, Time: 01:46:38

Health: -6/200     AC: 37    Str: 37    XL:     20   Next: 81%
Magic:  0/23       EV: 15    Int: 18    God:    Okawaru [******]
Gold:   3134       SH: 16    Dex: 18    Spells: 18/26 levels left

rFire   . . .        Z - +9 broad axe of Laij {vamp, +Blink Fly rPois MP-9 Dex+3}
rCold   . . .        M - +0 kite shield of the Insatiable Knives {rCorr Str+5 Dex+3}
rNeg    . . .        a - +8 plate armour of the Leaping Gods {Int+7 Stlth-}
rPois   +            e - +1 hat of the Blue Moon {Rampage Str+4 Int+2}
rElec   .            l - +1 cloak {rPois}
rCorr   +            V - +2 pair of gloves {Dex+3}
SInv    .            c - +2 pair of slick slippers {slick, slippery, EV+4}
Will    +++..        G - amulet of regeneration Stlth
                     w - ring of willpower
HPRegen 1.33/turn    D - ring of Shadows {Umbra +Inv Stlth+}
MPRegen 0.18/turn

%: rampage
@: heroic, finesse-ful, flying, wreathed by umbra, studying Ice Magic
A: runic magic, artefact enchanting
}: 2/15 runes: decaying, serpentine
a: Renounce Religion, Evoke Blink, Evoke Invisibility, Heroism, Finesse, Duel


You were on level 4 of the Vaults.
You worshipped Okawaru.
Okawaru was exalted by your worship.
You visited 6 branches of the dungeon, and saw 34 of its levels.
You also visited: Trove, Sewer, Ossuary, Bailey, Ice Cave, Volcano and Wizlab.

You collected 5454 gold pieces.
You spent 2320 gold pieces at shops.

Inventory:

Hand Weapons
 b - a +2 broad axe of freezing
 Z - the +9 broad axe of Laij (weapon) {vamp, +Blink Fly rPois MP-9 Dex+3}
   (Okawaru gifted it to you in an ice cave)

   Dex+3:     It affects your dexterity (+3).
   rPois:     It protects you from poison.
   MP-9:      It affects your magic capacity (-9).
   Fly:       It grants you flight.
   +Blink:    It lets you blink.
Missiles
 u - 28 boomerangs (quivered)
 K - 16 silver javelins
 O - a throwing net
 X - 27 javelins
Armour
 a - the +8 plate armour of the Leaping Gods (worn) {Int+7 Stlth-}
   (Okawaru gifted it to you in an ice cave)

   Int+7:     It affects your intelligence (+7).
   Stlth-:    It makes you less stealthy.
 c - the +2 pair of slick slippers (worn) {slick, slippery, EV+4}
   (You found it in a volcano)

   Slick:     Its wearer cannot be constricted, engulfed, netted, webbed, or
   stopped by binding sigils.
   Slippery:  Its wearer slips away from damaging melee attacks, pulling the
   attacker onward.
   EV+4:      It affects your evasion (+4).
 e - the +1 hat of the Blue Moon (worn) {Rampage Str+4 Int+2}
   (You acquired it on level 1 of the Swamp)

   Str+4:     It affects your strength (+4).
   Int+2:     It affects your intelligence (+2).
   Rampage:   It bestows one free step when moving towards enemies.
 l - a +1 cloak of poison resistance (worn)
 C - a +0 tower shield of protection
 L - the +2 pair of boots "Koeck" {rF- Regen+ Dex+7}
   (You found it in a wizard's laboratory)

   Dex+7:     It affects your dexterity (+7).
   rF-:       It makes you vulnerable to fire.
   Regen+:    It increases your rate of health regeneration.
 M - the +0 kite shield of the Insatiable Knives (worn) {rCorr Str+5 Dex+3}
   (You bought it in a shop on level 4 of the Dungeon)

   Str+5:     It affects your strength (+5).
   Dex+3:     It affects your dexterity (+3).
   rCorr:     It protects you from acid and corrosion.
 V - a +2 pair of gloves of dexterity (worn)
Jewellery
 w - a ring of willpower (left hand)
 D - the ring of Shadows (right hand) {Umbra +Inv Stlth+}
   (You found it on level 3 of the Swamp)

   [ring of stealth]

   Umbra:     It surrounds you with an aura of shadow, increasing your stealth
   and reducing the accuracy of all others within it.
   +Inv:      It lets you turn invisible.
   Stlth+:    It makes you more stealthy.
 E - a ring of protection from cold
 G - an amulet of regeneration (around neck)
 I - a ring of poison resistance
Wands
 f - a wand of paralysis (22)
 p - a wand of mindburst (10)
 s - a wand of roots (45)
 F - a wand of light (47)
 P - a wand of digging (18)
 U - a wand of polymorph (21)
Scrolls
 g - 7 scrolls of blinking
 i - 9 scrolls of enchant armour
 j - 11 scrolls of fear
 m - 7 scrolls of amnesia
 n - 4 scrolls of silence
 o - a scroll of brand weapon
 q - 7 scrolls of poison
 r - 8 scrolls of fog
 t - 2 scrolls of revelation
 J - 6 scrolls of immolation
 N - 14 scrolls of identify
 R - 2 scrolls of enchant weapon
 Y - 18 scrolls of teleportation
Potions
 d - 7 potions of might
 h - 6 potions of ambrosia
 k - 4 potions of haste
 v - 15 potions of curing
 x - 9 potions of mutation
 z - 4 potions of invisibility
 A - 2 potions of berserk rage
 B - 2 potions of enlightenment
 H - 16 potions of lignification
 Q - 7 potions of heal wounds
 T - 2 potions of cancellation
 W - 6 potions of brilliance
Miscellaneous
 y - a phantom mirror
 S - a Gell's gravitambourine (2/2)


   Skills:
 + Level 21.8(26.8) Fighting
 + Level 22.8(27) Axes
 + Level 2.2(7.2) Throwing
 + Level 15.5(20.5) Armour
 - Level 16.1(21.1) Shields
 - Level 3.9 Spellcasting
 - Level 4.5 Fire Magic
 - Level 16.9 Invocations
 - Level 9.1 Evocations


You had 18 spell levels left.
You knew the following spells:

 Your Spells              Type           Power      Damage    Failure   Level
a - Ignition              Fire           9%         3d5       100%        8

Your spell library contained the following spells:

 Spells                   Type           Power      Damage    Failure   Level
 Foxfire                  Conj/Fire      44%        2x1d6     9%          1
 Necrotise                Necr           12%        1d4       22%         1
 Shock                    Conj/Air       12%        1d3       22%         1
 Volatile Blastmotes      Fire/Tloc      22%        2d11      26%         3
 Jinxbite                 Hex            6%         N/A       34%         2
 Lesser Beckoning         Tloc           6%         N/A       34%         2
 Mercury Vapours          Alch/Air       6%         N/A       34%         2
 Static Discharge         Conj/Air       6%         3-4/arc   34%         2
 Sublimation of Blood     Necr           3%         N/A       34%         2
 Frozen Ramparts          Ice            6%         1d1       56%         3
 Hailstorm                Conj/Ice       3%         3d5       56%         3
 Maxwell's Portable Pile  Tloc           3%         2d(5-14)  56%         3
 Ozocubu's Armour         Ice            3%         N/A       56%         3
 Passwall                 Erth           3%         N/A       56%         3
 Sigil of Binding         Hex            3%         N/A       56%         3
 Swiftness                Air            3%         N/A       56%         3
 Teleport Other           Tloc           3%         N/A       56%         3
 Vampiric Draining        Necr           3%         2d6       56%         3
 Ignite Poison            Fire/Alch      11%        N/A       65%         4
 Sticky Flame             Fire/Alch      11%        2d5       65%         4
 Airstrike                Air            1%         2d(1-17)  92%         4
 Anguish                  Hex/Necr       1%         N/A       92%         4
 Brom's Barrelling Bould  Conj/Erth      3%         2d3       92%         4
 Dimensional Bullseye     Hex/Tloc       1%         N/A       92%         4
 Leda's Liquefaction      Alch/Erth      1%         N/A       92%         4
 Olgreb's Toxic Radiance  Alch           3%         N/A       92%         4
 Vhi's Electric Charge    Tloc/Air       6%         N/A       92%         4
 Fireball                 Conj/Fire      5%         3d5       94%         5
 Borgnjor's Vile Clutch   Necr/Erth      1%         N/A       99%         5
 Curse of Agony           Necr           3%         N/A       99%         5
 Iskenderun's Battlesphe  Conj           3%         2d6       99%         5
 Metabolic Englaciation   Hex/Ice        1%         N/A       99%         5
 Yara's Violent Unravell  Hex/Alch       1%         3d3       99%         5
 Bombard                  Conj/Erth      1%         9d1       100%        6
 Conjure Ball Lightning   Conj/Air       1%         3x3d6     100%        6
 Eringya's Noxious Bog    Alch           1%         4d6       100%        6
 Permafrost Eruption      Ice/Erth       1%         2x4d2     100%        6
 Enfeeble                 Hex            1%         N/A       100%        7
 Orb of Destruction       Conj           1%         9d5       100%        7
 Ozocubu's Refrigeration  Ice            1%         4d7       100%        7
 Discord                  Hex            1%         N/A       100%        8
 Chain Lightning          Conj/Air       1%         3d2       100%        9
 Summon Ice Beast         Ice/Summ       Unusable   N/A       N/A         3
 Martyr's Knell           Necr/Summ      Unusable   N/A       N/A         4
 Summon Lightning Spire   Summ/Air       Unusable   N/A       N/A         4
 Summon Forest            Summ/Tloc      Unusable   N/A       N/A         5
 Sculpt Simulacrum        Ice/Alch       Unusable   N/A       N/A         6
 Summon Hydra             Summ           Unusable   N/A       N/A         7

Dungeon Overview and Level Annotations

Branches:
Dungeon (15/15)            Temple (0/1) D:5            Lair (5/5) D:9
  Swamp (4/4) Lair:2        Snake (4/4) Lair:2        Slime (0/5) Lair:5
    Orc (2/2) D:12            Elf (0/3) Orc:2        Vaults (4/5) D:14
  Crypt (0/3) Vaults:2     Depths (0/4) D:15          Sewer (visited)
Ossuary (visited)          Bailey (visited)           IceCv (visited)
Volcano (visited)          WizLab (visited)

Altars:
Ashenzari
Elyvilon
Kikubaaqudgha
Makhleb
Nemelex Xobeh
Okawaru
Qazlal
Ru
Sif Muna
Trog
Vehumet
Wu Jian
Xom
Yredelemnul
Zin
Beogh
Jiyva

Shops:
D:4 *   D:6 [   D:7 =   D:15 *   Orc:2 **=((   Snake:1 ?   Vaults:2 :
Vaults:4 ?

Annotations:
D:8 1 runed translucent door, funkygono's ghost, novice DEFE
D:10 1 runed translucent door, Konar's ghost, novice CoHu
Vaults:4 Norris


Innate Abilities, Weirdness & Mutations

Your spellcasting is much less encumbered by armour.
You can use scrolls of enchantment on lesser artefacts.


Message History

You hear a shout!
Norris calmly calls forth the wrath of something past death upon you.
The torrent of water hits you!!!
You are knocked back by the torrent of water.
The wave splashes down.
You are too confused!
You are too confused!
You are too confused!
You're too confused to move!
Norris hits you but does no damage.
You're too confused to move!
Norris hits you from afar with a +0 halberd!
Norris's eyes shimmer, overwhelming you with visions from beyond.
You feel your power leaking away.
You bump into the metal wall.
Norris invokes the aid of something beyond life against you.
The torrent of water hits you!!!
The wave splashes down.
You hear a shout!
Norris hits you but does no damage. Norris hits you with a +0 halberd!
* * * LOW HITPOINT WARNING * * *
You slip backwards!
You are too injured to fight recklessly!
You closely miss Norris.
Norris is severely wounded.
Something numinous underneath Norris's waves suddenly gazes at you.
You feel your power leaking away. Norris barely misses you.
You are too confused!
Norris prays to the universe for peace to reach you.
The torrent of water hits you!!
* * * LOW HITPOINT WARNING * * *
You are knocked back by the torrent of water.
The wave splashes down.
Norris hits you but does no damage.
There is a stone staircase leading up here.
You feel less confused.
Norris prays to the universe for peace to reach you.
The torrent of water hits you!!!
You die...
Norris says, "Enjoy eternity."

....# #..##..##..# ....#
###..##..### .....# ....#
#..##..# .....#
....######'###'######.....##
....#.......##~~~~..#.......
....#.......##~~~~~.#......#
....#.......##~~~@~.#......#
....#.......##.~~~~.#......#
....#.......##.~@~~~'......#
....#.......##.~~~~†#......#
....#################~.....#
....# ......# ....# ......+
....#### ......# ........
....... ........ .......
########


You could see Norris.

Vanquished Creatures
  Vashnia (Snake:4)
  Nikola (Snake:3)
  A tentacled monstrosity (Swamp:4)
  A walking earthen tome (WizLab)
  3 sphinxes (Vaults:2)
  Gastronok (D:8)
  Frances (D:13)
  A strange machine (WizLab)
  A thorn hunter (Swamp:4)
  Roxanne (Snake:1)
  5 nagarajas
  Donald (Snake:3)
  A fire giant (Vaults:2)
  11 vault wardens
  11 ironbound preservers
  An orc warlord (Vaults:3)
  A very ugly thing (Vaults:2)
  8 ironbound thunderhulks
  5 bunyips
  3 war gargoyles
  2 eleionomae
  Azrael (Snake:1)
  8 dire elephants
  A red draconian (Volcano)
  Snorg (D:11)
  An entropy weaver (Vaults:4)
  4 rakshasas (WizLab)
  2 shambling mangroves
  10 yaktaur captains
  8 great orbs of eyes
  5 peacekeepers
  23 hydras
  3 salamander tyrants (Snake:4)
  9 vault guards
  8 ironbound frosthearts
  2 ghost crabs
  3 two-headed ogres
  18 anacondas
  3 centaur warriors
  6 alligators
  8 dancing weapons (WizLab)
  2 ogre magi (D:14)
  3 tengu warriors
  8 boulder beetles
  An orc high priest (Orc:2)
  11 naga warriors
  9 naga sharpshooters
  19 death yaks
  8 shock serpents
  A spriggan berserker (Swamp:4)
  8 skysharks
  6 salamander mystics
  4 goliath frogs
  6 sea snakes (Snake:4)
  A spriggan druid (Swamp:2)
  15 mana vipers
  7 naga ritualists
  A deep troll (shapeshifter) (Vaults:2)
  9 swamp dragons (Swamp:4)
  21 deep trolls
  4 arcanists
  9 bog bodies
  19 ironbound convokers
  8 lindwurms
  4 harpies (Vaults:1)
  A phantasmal warrior (Vaults:2)
  A necromancer (Vaults:4)
  2 obsidian bats (Orc:2)
  2 wolf spiders (D:15)
  2 deep elf pyromancers (D:12)
  6 orc knights
  3 orc sorcerers
  20 ugly things
  3 will-o-the-wisps (Swamp:4)
  12 cyclopes
  A manticore (D:15)
  A tengu skeleton (Vaults:4)
  11 salamanders
  5 kobold blastminers
  5 elephants
  14 naga magi
  4 guardian serpents
  An ice statue (IceCv)
  15 vault sentinels
  26 slime creatures
  A torpor snail (Lair:1)
  30 black mambas
  15 cane toads
  3 gargoyles
  3 kobold demonologists
  42 yaktaurs
  2 rime drakes
  2 tengu conjurers (D:13)
  A freezing wraith (Vaults:3)
  10 komodo dragons
  A human skeleton (Vaults:4)
  12 trolls
  10 polar bears
  Grinder (D:4)
  12 tyrant leeches
  7 hornets
  13 blink frogs
  6 saltlings (Orc:2)
  An ettin zombie (Vaults:4)
  A deep troll skeleton (Vaults:4)
  2 spriggans (Swamp:2)
  Sigmund (D:4)
  A shadow (D:11)
  A centaur simulacrum (D:15)
  4 wyverns
  4 basilisks
  3 vampires
  4 wraiths
  2 fire elementals (Snake:1)
  63 yaks
  3 fire bats (Lair:2)
  A human (D:14)
  3 steam dragons
  36 nagas
  11 vampire mosquitoes
  11 swamp worms
  5 acid dragons
  4 hell hounds (Snake:1)
  13 water moccasins
  4 black bears
  Duvessa (D:4)
  A sky beast (D:6)
  2 ice beasts (D:8)
  17 swamp drakes
  20 orc warriors
  7 ogres
  36 wolves
  5 centaurs
  A phantom (D:5)
  Blork the orc (D:4)
  15 kobold brigands
  2 weeping skulls
  An elf zombie (Ossuary)
  26 bullfrogs
  5 scorpions
  5 gnoll sergeants
  A burial acolyte (Ossuary)
  A wight (D:8)
  Dowan (D:4)
  7 vampire bats (Bailey)
  7 killer bees
  2 howler monkeys
  4 wolf zombies (Bailey)
  A human simulacrum (Vaults:4)
  4 bombardier beetles
  3 hounds
  18 orc priests
  3 sleepcaps
  A gnoll bouda (D:8)
  6 jellies
  3 iguanas
  20 orc wizards
  13 hell rats
  4 mummies (Ossuary)
  Robin (D:3)
  10 adders
  11 gnolls
  14 river rats
  A shadow imp (D:8)
  19 white imps
  8 dart slugs
  85 orcs
  A bat (D:2)
  6 endoplasms
  15 giant cockroaches
  2 gnoll zombies (Ossuary)
  24 goblins
  7 hobgoblins
  4 quokkas
  7 ball pythons
  12 frilled lizards (Sewer)
  13 kobolds
  A kobold zombie (Ossuary)
  21 orc zombies
  10 rats
  A spectral orc (D:6)
1370 creatures vanquished.

Vanquished Creatures (others)
  A bloated husk (Swamp:2)
  A hornet (Swamp:4)
  14 foxfires (Swamp:4)
16 creatures vanquished.

Grand Total: 1386 creatures vanquished

Notes
Turn   | Place    | Note
-------+----------+-------------------------------------------
     0 | D:1      | gohu the Mountain Dwarf Fighter began the quest for the
                  | Orb.
     0 | D:1      | Reached XP level 1. HP: 19/19 MP: 1/1
   327 | D:1      | Reached XP level 2. HP: 26/26 MP: 2/2
   853 | D:2      | Reached skill level 3 in Axes
  1119 | D:2      | Reached XP level 3. HP: 16/31 MP: 3/3
  1526 | D:3      | Found an iron altar of Okawaru.
  1532 | D:3      | Became a worshipper of Warmaster Okawaru
  1641 | D:3      | Reached skill level 4 in Axes
  1654 | D:3      | Found a radiant altar of Vehumet.
  1654 | D:3      | Found a shimmering altar of Xom.
  1761 | D:3      | Reached XP level 4. HP: 40/40 MP: 4/4
  1807 | D:3      | Noticed Robin
  1820 | D:3      | Killed Robin
  1951 | D:3      | Noticed a black bear
  1964 | D:3      | Killed a black bear
  1965 | D:3      | Reached skill level 5 in Axes
  1965 | D:3      | Reached XP level 5. HP: 30/46 MP: 5/5
  2647 | D:4      | Reached skill level 6 in Axes
  2692 | D:4      | Reached XP level 6. HP: 52/52 MP: 6/6
  2884 | D:4      | Noticed Dowan
  2910 | D:5      | Entered Level 5 of the Dungeon
  2915 | D:5      | Reached * piety under Okawaru
  2937 | D:5      | Noticed Grinder
  2942 | D:5      | Paralysed by Grinder for 4 turns
  2973 | D:5      | Reached skill level 7 in Axes
  3056 | D:5      | Found a glowing drain.
  3095 | Sewer    | Entered a sewer
  3451 | Sewer    | Reached XP level 7. HP: 52/60 MP: 7/7
  3461 | Sewer    | Identified the +3 hand axe "Taseigeu" {drain, rPois rC++
                  | Will+ Str+3}
  3503 | D:5      | Reached ** piety under Okawaru
  3504 | D:5      | Reached skill level 8 in Axes
  3786 | D:5      | Found a staircase to the Ecumenical Temple.
  3848 | D:5      | Reached skill level 9 in Axes
  3892 | D:6      | Found Limuh's Antique Armour Shoppe.
  3928 | D:6      | Reached XP level 8. HP: 67/67 MP: 8/8
  3954 | D:6      | Reached skill level 5 in Armour
  3974 | D:6      | Found an ornate altar of the Wu Jian Council.
  4036 | D:6      | Found a broken altar of Ashenzari.
  4082 | D:6      | Found a sand-covered staircase.
  4088 | Ossuary  | Entered an ossuary
  4160 | Ossuary  | Reached skill level 10 in Axes
  4265 | Ossuary  | Reached *** piety under Okawaru
  4321 | Ossuary  | Reached skill level 5 in Fighting
  4477 | D:6      | Found a basalt altar of Yredelemnul.
  4587 | D:5      | Reached skill level 1 in Invocations
  5013 | D:4      | Noticed Sigmund
  5041 | D:4      | Killed Sigmund
  5042 | D:4      | Reached skill level 11 in Axes
  5051 | D:4      | Killed Grinder
  5052 | D:4      | Reached XP level 9. HP: 42/74 MP: 10/10
  5299 | D:4      | Found a stormy altar of Qazlal.
  5339 | D:4      | Found Qostrom's General Store.
  5342 | D:4      | Bought a potion of curing for 30 gold pieces
  5342 | D:4      | Bought a scroll of identify for 20 gold pieces
  5901 | D:4      | Noticed Blork the orc
  5907 | D:4      | Killed Blork the orc
  6043 | D:4      | Noticed Duvessa
  6056 | D:4      | Killed Duvessa
  6057 | D:4      | Reached skill level 12 in Axes
  6078 | D:4      | Killed Dowan
  6362 | D:6      | Found a bloodstained altar of Trog.
  6504 | D:7      | Found an ancient bone altar of Kikubaaqudgha.
  6521 | D:7      | Reached **** piety under Okawaru
  7021 | D:7      | Reached skill level 5 in Shields
  7070 | D:7      | Reached skill level 13 in Axes
  7094 | D:7      | Found Ficoisag's Jewellery Shoppe.
  7461 | D:8      | Found a burning altar of Makhleb.
  7470 | D:8      | Found a glowing silver altar of Zin.
  7619 | D:8      | Reached ***** piety under Okawaru
  7620 | D:8      | Reached XP level 10. HP: 83/83 MP: 13/13
  7670 | D:8      | Reached skill level 5 in Invocations
  7787 | D:8      | Reached skill level 14 in Axes
  7914 | D:8      | Noticed a cyclops
  8091 | D:8      | Noticed a two-headed ogre
  8102 | D:8      | Killed a two-headed ogre
  8111 | D:8      | Killed a cyclops
  8121 | D:8      | Identified the +1 short sword "Orb Guardian's Curse"
                  | {flame, rCorr Str+3 Dex+2}
  8121 | D:8      | Noticed a centaur warrior
  8141 | D:8      | Killed a centaur warrior
  8141 | D:8      | Received a gift from Okawaru
  8261 | D:4      | Bought the +0 kite shield of the Insatiable Knives {rCorr
                  | Str+5 Dex+3} for 339 gold pieces
  8385 | D:8      | Noticed funkygono's ghost (novice DEFE)
  8391 | D:8      | Found a runed translucent door.
  8401 | D:8      | Noticed Gastronok
  8421 | D:8      | Killed Gastronok
  8422 | D:8      | Reached XP level 11. HP: 89/94 MP: 14/16
  8510 | D:8      | Noticed a boulder beetle
  8538 | D:8      | Killed a boulder beetle
  8782 | D:9      | Found a white marble altar of Elyvilon.
  8817 | D:9      | Found a sacrificial altar of Ru.
  8890 | D:9      | Learned a level 8 spell: Ignition
  8994 | D:9      | Found a staircase to the Lair.
  9286 | D:10     | Entered Level 10 of the Dungeon
  9308 | D:10     | Found a flagged portal.
  9322 | Bailey   | Entered a bailey
  9422 | Bailey   | Received a gift from Okawaru
  9599 | Bailey   | Identified the +2 chain mail "Ziv Pume" {MP+9 Int+4 Stlth-}
  9762 | D:10     | Reached skill level 10 in Armour
  9799 | D:10     | Found a shimmering blue altar of Sif Muna.
  9903 | D:10     | Identified the +0 robe "Wentu" {rF+ rCorr Dex+4}
  9945 | D:10     | Noticed a two-headed ogre
  9955 | D:10     | Killed a two-headed ogre
  9956 | D:10     | Reached XP level 12. HP: 106/106 MP: 19/19
  9974 | D:10     | Noticed a two-headed ogre
  9982 | D:10     | Killed a two-headed ogre
  9982 | D:10     | Received a gift from Okawaru
  9983 | D:10     | Reached skill level 10 in Fighting
 10163 | D:10     | Found a sparkling altar of Nemelex Xobeh.
 10444 | D:10     | Found a runed translucent door.
 10444 | D:10     | Identified the +7 trident "Vock" {flame, +Blink Will+ Dex+4
                  | Stlth+}
 10444 | D:10     | Noticed Konar's ghost (novice CoHu)
 10664 | D:11     | Found the +5 robe of Misfortune {Harm *Corrode *Slow EV+5}
 10878 | D:11     | Noticed Snorg
 10899 | D:11     | Killed Snorg
 11442 | D:12     | Reached skill level 10 in Shields
 11517 | D:12     | Reached skill level 1 in Fire Magic
 11517 | D:12     | Reached skill level 10 in Invocations
 11563 | D:12     | Received a gift from Okawaru
 11596 | D:12     | Found a frozen archway.
 11638 | IceCv    | Entered an ice cave
 11899 | IceCv    | Found the +5 robe of Night {Dark Will+ SInv}
 12003 | IceCv    | Reached ****** piety under Okawaru
 12004 | IceCv    | Noticed a death yak
 12030 | IceCv    | Killed a death yak
 12049 | IceCv    | Acquired the +3 broad axe of Laij {vamp, +Blink Fly rPois
                  | MP-9 Dex+3}
 12049 | IceCv    | Received a gift from Okawaru
 12091 | IceCv    | Received a gift from Okawaru
 12097 | IceCv    | Acquired the +8 plate armour of the Leaping Gods {Int+7
                  | Stlth-}
 12097 | IceCv    | Received a gift from Okawaru
 12125 | IceCv    | Noticed a death yak
 12147 | IceCv    | Killed a death yak
 12156 | IceCv    | Noticed an ironbound frostheart
 12156 | IceCv    | Noticed an ironbound frostheart
 12156 | IceCv    | Noticed a death yak
 12176 | IceCv    | Killed an ironbound frostheart
 12177 | IceCv    | Reached XP level 13. HP: 111/115 MP: 13/21
 12379 | IceCv    | Received a gift from Okawaru
 12844 | D:12     | Found a staircase to the Orcish Mines.
 13464 | D:13     | Reached skill level 15 in Axes
 13631 | D:13     | Noticed Frances
 13660 | D:13     | Killed Frances
 13736 | D:13     | Received a gift from Okawaru
 14163 | Lair:1   | Entered Level 1 of the Lair of Beasts
 14890 | Lair:2   | Identified the +2 leather armour "Beroex" {rN+ Str+6}
 14902 | Lair:2   | Identified the +10 quarterstaff "Kedwusips" {elec, ^Contam
                  | rPois Dex+3 SInv}
 14918 | Lair:2   | Reached skill level 1 in Evocations
 14932 | Lair:2   | Found a staircase to the Snake Pit.
 15008 | Lair:2   | Received a gift from Okawaru
 15287 | Lair:2   | Found a dark tunnel.
 15296 | Volcano  | Entered a volcano
 15330 | Volcano  | Found the +2 pair of slick slippers {slick, slippery, EV+4}
 15331 | Volcano  | Noticed a red draconian
 15348 | Volcano  | Killed a red draconian
 15349 | Volcano  | Reached XP level 14. HP: 122/125 MP: 13/22
 16114 | Lair:2   | Found a staircase to the Swamp.
 16140 | Lair:2   | Received a gift from Okawaru
 16146 | Lair:2   | Reached skill level 16 in Axes
 16705 | Lair:3   | You are sucked into a shaft and drop 2 floors!
 16705 | Lair:5   | Entered Level 5 of the Lair of Beasts
 16735 | Lair:5   | Received a gift from Okawaru
 17580 | Lair:4   | Reached skill level 17 in Axes
 17834 | Lair:4   | Reached skill level 5 in Evocations
 17898 | Lair:4   | Received a gift from Okawaru
 18343 | Lair:5   | Identified the +2 robe of Lies {rPois rF++ Str-5 Int+4}
 18351 | Lair:5   | Identified the +4 orcbow of Poaxem {freeze, rC+ rCorr}
 18354 | Lair:5   | Identified the +2 hand axe of Cokurei {venom, rCorr Int+2}
 18423 | Lair:5   | Received a gift from Okawaru
 18529 | Lair:5   | Found a staircase to the Slime Pits.
 18529 | Lair:5   | Found a viscous altar of Jiyva.
 18597 | Lair:5   | Reached skill level 15 in Shields
 18613 | Lair:5   | Reached XP level 15. HP: 134/134 MP: 14/23
 19017 | Orc:1    | Entered Level 1 of the Orcish Mines
 19112 | Orc:1    | Received a gift from Okawaru
 19417 | Orc:2    | Entered Level 2 of the Orcish Mines
 19458 | Orc:2    | Reached skill level 18 in Axes
 19587 | Orc:2    | Found Haak's General Store.
 19713 | Orc:2    | Found a staircase to the Elven Halls.
 19964 | Orc:2    | Found Murol's General Store.
 19979 | Orc:2    | Bought a scroll of fog for 56 gold pieces
 19993 | Orc:2    | Found Xoibrythiu's Antique Weapon Shop.
 20000 | Orc:2    | Found a roughly hewn altar of Beogh.
 20032 | Orc:2    | Found Fiwoyjaxo's Antique Weapon Shop.
 20089 | Orc:2    | Found Cik Onaedi's Jewellery Boutique.
 20411 | Orc:2    | Bought a potion of ambrosia for 80 gold pieces
 20523 | D:14     | Received a gift from Okawaru
 20808 | D:14     | Found an ornate altar of the Wu Jian Council.
 20890 | D:14     | Received a gift from Okawaru
 20939 | D:14     | Found a gate to the Vaults.
 21188 | D:15     | Entered Level 15 of the Dungeon
 21333 | D:15     | Found Guvoruf's Pet Rocks.
 21359 | D:15     | Bought a wand of digging (2) for 151 gold pieces
 21659 | D:15     | Received a gift from Okawaru
 21765 | D:15     | Found a staircase to the Depths.
 21791 | D:15     | Reached XP level 16. HP: 147/147 MP: 16/25
 22229 | Swamp:1  | Entered Level 1 of the Swamp
 22549 | Swamp:1  | Identified a scroll of acquirement
 22770 | Swamp:1  | Upgraded the game from 0.32-a0-909-gc671339a80 to
                  | 0.32-a0-913-g739538afd8
 22804 | Swamp:1  | Reached skill level 15 in Fighting
 23029 | Swamp:2  | Received a gift from Okawaru
 23636 | Swamp:3  | Found the ring of Shadows {Umbra +Inv Stlth+}
 23751 | Swamp:3  | Reached skill level 1 in Throwing
 23751 | Swamp:3  | Reached XP level 17. HP: 156/156 MP: 16/27
 24029 | Swamp:3  | Acquired the +1 hat of the Blue Moon {Rampage Str+4 Int+2}
 24091 | Swamp:4  | Entered Level 4 of the Swamp
 24205 | Swamp:4  | Received a gift from Okawaru
 24343 | Swamp:4  | Noticed a tentacled monstrosity
 24352 | Swamp:4  | Killed a tentacled monstrosity
 24723 | Swamp:4  | Got a decaying rune of Zot
 24750 | Swamp:4  | Received a gift from Okawaru
 25023 | Snake:1  | Entered Level 1 of the Snake Pit
 25050 | Snake:1  | Noticed Azrael
 25068 | Snake:1  | Killed Azrael
 25169 | Snake:1  | Received a gift from Okawaru
 25296 | Snake:1  | Reached XP level 18. HP: 145/168 MP: 19/28
 25474 | Snake:1  | Identified the +8 glaive of Meim {heavy, rCorr Int+3 SInv}
 25577 | Snake:1  | Noticed Roxanne
 25616 | Snake:1  | Received a gift from Okawaru
 25643 | Snake:1  | Killed Roxanne
 25862 | Snake:1  | Found Imebbus's Magic Scroll Shop.
 25865 | Snake:1  | Bought 3 scrolls of fear for 156 gold pieces
 25865 | Snake:1  | Bought a scroll of acquirement for 676 gold pieces
 25865 | Snake:1  | Bought a scroll of enchant weapon for 97 gold pieces
 25865 | Snake:1  | Bought 2 scrolls of fog for 104 gold pieces
 25865 | Snake:1  | Bought a scroll of revelation for 97 gold pieces
 25880 | Snake:1  | Acquired 797 gold pieces
 26499 | Snake:2  | Reached skill level 15 in Invocations
 26835 | Snake:3  | Received a gift from Okawaru
 26876 | Snake:3  | Noticed Donald
 26888 | Snake:3  | Killed Donald
 27009 | Snake:3  | Noticed Nikola
 27019 | Snake:3  | Killed Nikola
 27082 | Snake:3  | Identified the +1 robe of an ice cave {rC+ Regen+}
 27245 | Snake:3  | Reached skill level 19 in Axes
 28104 | Snake:4  | Entered Level 4 of the Snake Pit
 28165 | Snake:4  | Received a gift from Okawaru
 29064 | Snake:4  | Reached skill level 15 in Armour
 29092 | Snake:4  | Received a gift from Okawaru
 29127 | Snake:4  | Reached XP level 19. HP: 180/180 MP: 22/31
 29191 | Snake:4  | Noticed Vashnia
 29237 | Snake:4  | Killed Vashnia
 29311 | Snake:4  | Found an iron altar of Okawaru.
 29344 | Snake:4  | Got a serpentine rune of Zot
 29616 | Vaults:1 | Entered Level 1 of the Vaults
 29670 | Vaults:1 | Identified the +9 spear "Kuloivisch" {heavy, Str+4}
 29682 | Vaults:1 | Reached skill level 20 in Axes
 29704 | Vaults:1 | Found a magical portal.
 29713 | WizLab   | Entered Tukima's Studio
 29782 | WizLab   | Got the Guidebook on the Oath
 29902 | WizLab   | Received a gift from Okawaru
 30300 | WizLab   | Noticed gohu's illusion
 30328 | WizLab   | Identified the +2 pair of boots "Koeck" {rF- Regen+ Dex+7}
 30561 | Vaults:1 | Got Sif Muna's Monograph on Iron Confrontation
 31060 | Vaults:1 | Received a gift from Okawaru
 31547 | Vaults:2 | Found a staircase to the Crypt.
 31547 | Vaults:2 | Found an ancient bone altar of Kikubaaqudgha.
 31547 | Vaults:2 | Found a basalt altar of Yredelemnul.
 31577 | Vaults:2 | Reached skill level 1 in Spellcasting
 31654 | Vaults:2 | Received a gift from Okawaru
 31691 | Vaults:2 | Reached skill level 21 in Axes
 31844 | Vaults:2 | Found a portal to a secret trove of treasure.
 31859 | Vaults:2 | You paid a toll of 5 scrolls of fog to enter a treasure
                  | trove
 31860 | Trove    | Entered a treasure trove
 31874 | Trove    | Got the Excursus on Stolen Souls and Albedo
 31882 | Trove    | Identified the ring of Taisk {rC- MP+9 Str+3 Slay+4}
 31996 | Vaults:2 | Found Xastrel's Book Shoppe.
 32421 | Vaults:2 | Received a gift from Okawaru
 32795 | Vaults:3 | Reached XP level 20. HP: 194/194 MP: 23/32
 33459 | Vaults:3 | Received a gift from Okawaru
 33691 | Vaults:3 | Reached skill level 22 in Axes
 33829 | Vaults:3 | Received a gift from Okawaru
 34337 | Vaults:4 | Found Woigi's Magic Scroll Emporium.
 34346 | Vaults:4 | Bought a scroll of blinking for 157 gold pieces
 34346 | Vaults:4 | Bought a scroll of teleportation for 63 gold pieces
 34346 | Vaults:4 | Bought a scroll of fog for 84 gold pieces
 34346 | Vaults:4 | Bought a scroll of teleportation for 63 gold pieces
 34346 | Vaults:4 | Bought a scroll of teleportation for 63 gold pieces
 34346 | Vaults:4 | Bought a scroll of fog for 84 gold pieces
 34719 | Vaults:4 | Noticed Norris
 34756 | Vaults:4 | Killed from afar by Norris

Illustrated notes

Levels and vault maps discovered:
D:1:      lightli_molten_gateway, layout_loops_ring, nrook_uturn
D:2:      layout_basic
D:3:      layout_basic, lemuel_round_altar,
          chequers_temple_overflow_statue_of_worship, grunt_decor_clamped,
          corexii_item_surrounded_by_moat, st_stairs_9, minivault_5, uniq_robin
D:4:      layout_basic, mainiacjoe_overflow_concentric_impassable, serial_shops,
          nicolae_shop_real_fake_doors, nicolae_elevator_lobby_plus,
          uniq_sigmund, uniq_blork_the_orc, uniq_duvessa
D:5:      minmay_angry_zag, layout_loops_cross,
          minmay_temple_entry_from_below_a, gup_sewer_entry_pipe, uniq_grinder
D:6:      layout_basic, mainiacjoe_overflow_small_starburst, ashenzari_altar_1,
          yredelemnul_forgotten_temple_becter, lemuel_doored_altar,
          serial_shops, shop, nicolae_ossuary_entry_plus
D:7:      layout_loops_corners, overflow_temple_1_default, serial_shops, shop
D:8:      cheibrodos_ideogram_h, layout_rooms,
          grunt_temple_overflow_order_and_chaos_2, hellmonk_ghost_big_iron,
          minmay_stone_trees_small, uniq_gastronok
D:9:      layout_rooms, general_overflow_altar, elyvilon_altar_5,
          grunt_lair_entry_orc_guard_hut, minmay_misc_feat_diagonals
D:10:     layout_irregular_city, nicolae_overflow_hidden_temple,
          mainiacjoe_overflow_catwalk_spiral, ebering_ghost_funeral_grove,
          enter_bailey_3, grunt_decor_cap
D:11:     layout_irregular_city, uniq_snorg
D:12:     layout_loops_ring, kennysheep_orc_monster_closet_entryway,
          portal_ice_cave_entry_imps
D:13:     layout_basic, uniq_frances
D:14:     layout_rooms, grunt_vaults_entry_fortified, minmay_misc_feat_rugged,
          nicolae_wu_jian_wuxing_cycle
D:15:     hangedman_depths_entry_try_elsewhere_first, layout_loops_ring,
          minmay_misc_feat_encased, guppyfry_shop_earth
Lair:1:   layout_gridlike, kennysheep_abandoned_house
Lair:2:   layout_cave_pods, mainiacjoe_swamp_entry_lozenge_pond,
          guppyfry_snake_entry_garden, nicolae_volcano_entry_batcave
Lair:3:   layout_concentric_octagons, kennysheep_rathole, grunt_megastairs_4
Lair:4:   layout_cave_pods, grunt_megastairs_2, infiniplex_staircase_pool
Lair:5:   minmay_lair_end_frog_pond, layout_long_grid,
          nicolae_slime_entry_field_trip, lemuel_fruit_fields
Swamp:1:  layout_falls_marsh, nicolae_swamp_little_tower,
          nicolae_swamp_alligator_family
Swamp:2:  layout_basic_swamp, evilmike_swamp_ruin_rubble_1
Swamp:3:  layout_basic_swamp, nicolae_swamp_round_clearing, swamp_pool_3,
          infiniplex_staircase_pool_2
Swamp:4:  swamp_basic_johnstein, layout_basic_swamp,
          nicolae_swamp_decorative_isthmus
Snake:1:  layout_rooms, serial_shops, nicolae_shop_rolled_up,
          nicolae_snake_snakewalk, uniq_azrael, uniq_roxanne
Snake:2:  layout_onion_interference, serial_library_hellmonk_open_square,
          nicolae_snake_mages_go_home
Snake:3:  layout_chambers, uniq_nikola, uniq_donald
Snake:4:  grunt_snake_rune_serpentine_throne, layout_cave_town,
          nicolae_snake_snake_lake, grunt_ministairs_13
Orc:1:    layout_caves, serial_shops, special_room [special_room_kobold]
Orc:2:    hellmonk_orc_salted, layout_diamond_mine, serial_shops,
          nicolae_shop_trees
Vaults:1: infiniplex_enter_wizlab_water, nicolae_vaults_ninety_degrees,
          nicolae_vaults_storage_room_water, grunt_vaults_hallway_short,
          ontoclasm_vaults_pinch, nicolae_vaults_mini_display_case,
          nicolae_vaults_trapezoid_lopsided_1, vaults_room_grid, v_misc_2,
          nicolae_vaults_closet_pinwheel_4, nicolae_vaults_storage_closets_1,
          nicolae_vaults_tetromino_L_1, layout_vaults_omnicross
Vaults:2: v_misc_10, nicolae_vaults_tangram_1, minmay_crypt_entry_necro_gods,
          v_misc_32, v_misc_1, grunt_vaults_hallway_long,
          nicolae_vaults_sightless_eye, nicolae_vaults_halls_meeting,
          vaults_mumra_minichess_inversion, v_misc_23, hangedman_vaults_stagger,
          nicolae_vaults_two_Ls, ontoclasm_vaults_idyll,
          ontoclasm_vaults_bender, layout_vaults_maze_snakey, serial_shops,
          nicolae_book_shop_shelving, enter_trove_2
Vaults:3: vaults_dpeg_doors, nicolae_vaults_sealed_display, vaults_mumra_hex,
          nicolae_vaults_asterisk, nicolae_vaults_angled_halls,
          nicolae_vaults_hexular_roomagon, nicolae_vaults_six-pack,
          nicolae_vaults_tetromino_L_2, nicolae_vaults_oval_intersection,
          hangedman_vaults_maws, grunt_vaults_swirl, ontoclasm_vaults_chip,
          nicolae_vaults_apartment_1, layout_vaults_ring
Vaults:4: vaults_dpeg_hooks, nicolae_vaults_twisting_passages,
          ontoclasm_vaults_eye, nicolae_vaults_tetromino_T_2,
          vaults_mumra_minichess, nicolae_vaults_sesquioval_fish,
          nicolae_vaults_diagonal_hallway_7, hangedman_vaults_river_flow,
          layout_vaults_omnigrid, serial_shops, nicolae_shop_tiny_statue_garden,
          uniq_norris

Skill      XL: |  1  2  3  4  5  6  7  8  9 10 11 12 13 14 15 16 17 18 19 20 |
---------------+-------------------------------------------------------------+-----
Axes           | 3 4 5 6 7 9 11 13 14 15 17 18 19 21 22 | 22.8
Armour         | 4 5 6 9 10 11 12 13 14 15 | 15.5
Fighting       | 4 5 6 8 9 10 11 12 14 15 16 18 20 21 | 21.8
Shields        | 4 5 8 11 13 15 16 | 16.1
Invocations    | 2 4 7 9 10 11 12 13 14 16 | 16.9
Fire Magic     | 3 4 |  4.5
Evocations     | 2 5 6 8 9 |  9.1
Throwing       | 1 2 |  2.2
Spellcasting   | 3 |  3.9

Action                     |  1- 3 |  4- 6 |  7- 9 | 10-12 | 13-15 | 16-18 | 19-21 || total
---------------------------+-------+-------+-------+-------+-------+-------+-------++-------
  Melee: War axe           |    99 |   234 |       |       |       |       |       ||   333
         Hand axe          |       |       |   396 |  1053 |   148 |       |       ||  1597
         Broad axe         |       |       |       |       |  1433 |  1189 |  1004 ||  3626
  Throw: Boomerang         |       |       |       |     4 |     2 |    12 |       ||    18
 Invoke: Heroism           |       |       |     2 |     7 |     3 |     5 |     3 ||    20
         Finesse           |       |       |       |     2 |     1 |     3 |     2 ||     8
         Receive Weapon    |       |       |       |     1 |       |       |       ||     1
         Receive Armour    |       |       |       |     1 |       |       |       ||     1
Ability: Evoke Blink       |       |       |       |       |     1 |       |       ||     1
  Evoke: Wand              |       |       |     1 |       |    10 |    13 |       ||    24
         Gell's gravitambo |       |       |       |       |       |     2 |     1 ||     3
    Use: Scroll            |       |     5 |     7 |     9 |     8 |     8 |     1 ||    38
         Potion            |       |       |       |       |       |     1 |     1 ||     2
   Stab: Paralysed         |       |       |       |       |     2 |       |       ||     2
         Distracted        |       |       |       |       |       |     1 |       ||     1
 Armour: Scale mail        |    64 |   192 |   191 |   324 |       |       |       ||   771
         Chain mail        |       |       |       |   164 |       |       |       ||   164
         Plate armour      |       |       |       |    13 |  1073 |   739 |   540 ||  2365
  Dodge: Dodged            |    34 |   107 |    92 |   201 |   419 |   382 |   280 ||  1515
  Block: Buckler           |    18 |    55 |    60 |    16 |       |       |       ||   149
         Kite shield       |       |       |       |   351 |   944 |   612 |   477 ||  2384

Table legend: (Time is in decaauts)
 A = Elapsed time spent in this place.
 B = Non-inter-level travel time spent in this place.
 C = Inter-level travel time spent in this place.
 D = Time resting spent in this place.
 E = Time spent auto-exploring this place.
 F = Levels seen in this place.
 G = Mean time per level.
                   A        B        C        D        E       F      G
               +--------+--------+--------+--------+--------+-----+--------+
         Total |  33513 |  31352 |   2161 |    164 |  21697 |  41 |  817.4 |
       Dungeon |  13813 |  12433 |   1380 |    126 |   8773 |  15 |  920.9 |
          Lair |   4517 |   4186 |    331 |      0 |   2829 |   5 |  903.4 |
         Swamp |   2584 |   2430 |    154 |      0 |   1765 |   4 |  646.0 |
     Snake Pit |   4216 |   4083 |    133 |      0 |   3041 |   4 | 1054.0 |
  Orcish Mines |   1361 |   1297 |     64 |      0 |    928 |   2 |  680.5 |
        Vaults |   4142 |   4045 |     97 |      0 |   3050 |   4 | 1035.5 |
         Trove |     92 |     92 |      0 |      0 |     16 |   1 |   92.0 |
         Sewer |    427 |    427 |      0 |     38 |     67 |   1 |  427.0 |
       Ossuary |    248 |    248 |      0 |      0 |    163 |   1 |  248.0 |
        Bailey |    334 |    334 |      0 |      0 |    104 |   1 |  334.0 |
      Ice Cave |    902 |    902 |      0 |      0 |    423 |   1 |  902.0 |
       Volcano |    215 |    215 |      0 |      0 |    138 |   1 |  215.0 |
        Wizlab |    656 |    656 |      0 |      0 |    399 |   1 |  656.0 |
               +--------+--------+--------+--------+--------+-----+--------+

Top non-repeatable levels by time:
     D:4: 1560 daAuts
  Lair:2: 1294 daAuts
 Snake:3: 1254 daAuts
 Snake:4: 1212 daAuts
Vaults:2: 1147 daAuts
Vaults:1: 1136 daAuts
     D:5: 1123 daAuts
Vaults:3: 1100 daAuts
     D:3: 1092 daAuts
    D:10: 1009 daAuts
    D:12: 974 daAuts
     D:7: 963 daAuts
     D:8: 957 daAuts
  Lair:3: 938 daAuts
    D:11: 908 daAuts
